 Dungeon Crawl Stone Soup version 0.31-a0-162-gc4c5a43528 (webtiles) character file.

Game seed: 4740435288955730849

151 qw the Shooter (level 5, -1/32 HPs)
             Began as a Gargoyle Hunter on June 12, 2023.
             Slain by an orc
             ... wielding a +0 club
              (5 damage)
             ... on level 3 of the Dungeon.
             The game lasted 00:00:56 (2361 turns).

qw the Shooter (Gargoyle Hunter)                    Turns: 2361, Time: 00:00:57

Health: -1/32      AC: 10    Str: 14    XL:     5   Next: 33%
Magic:  5/5        EV: 11    Int: 10    God:
Gold:   183        SH:  0    Dex: 21    Spells: 4/4 levels left

rFire   . . .        Y - +0 shortbow
rCold   . . .        (shield currently unavailable)
rNeg    + . .        e - +0 ring mail
rPois   inf          a - +0 helmet
rElec   +            (no cloak)
rCorr   .            (no gloves)
SInv    .            (no boots)
Will    .....        (no amulet)
Stlth   +            g - +6 ring of dexterity
HPRegen 0.25/turn    (no ring)
MPRegen 0.09/turn

%: no passive effects
@: no status effects
A: sickness immunity, AC +4, negative energy resistance 1, electricity
resistance, torment resistance 1, petrification resistance
a: no special abilities


You were on level 3 of the Dungeon.
You visited 1 branch of the dungeon, and saw 3 of its levels.

You collected 183 gold pieces.


Innate Abilities, Weirdness & Mutations

You are immune to sickness and miasma.
Your stone body is resilient. (AC +4)
You are immune to poison.
You resist negative energy. (rN+)
You are resistant to electric shocks. (rElec)
You are resistant to unholy torment.
You are immune to petrification.


   Skills:
 - Level 3.1 Fighting
 + Level 5.9 Ranged Weapons
 - Level 1.0 Armour
 - Level 1.5 Dodging
 - Level 1.1 Stealth


You had 4 spell levels left.
You didn't know any spells.
Your spell library was empty.

Inventory:

Hand Weapons
 Y - a +0 shortbow (weapon)
Armour
 a - a +0 helmet (worn)
 e - a +0 ring mail (worn)
Jewellery
 g - a +6 ring of dexterity (left hand)
Scrolls
 d - a scroll of teleportation
 f - a scroll of identify
Potions
 b - a potion of cancellation
 c - 4 potions of heal wounds

Dungeon Overview and Level Annotations

Branches:
Dungeon (3/15)

Altars:
Qazlal


Message History

The arrow hits you.
You shoot an arrow.
The orc blocks the arrow with an invisible shield... and reflects it back!
The arrow hits you. The orc closely misses you.
You shoot an arrow.
The orc blocks the arrow with an invisible shield... and reflects it back!
The arrow hits you but does no damage. The orc hits you but does no damage.
You shoot an arrow. The arrow hits the orc.
The orc is moderately wounded.
The orc closely misses you.
You shoot an arrow.
The arrow hits the orc but does no damage.
The orc is moderately wounded.
The orc hits you with a +0 club. The orc hits you but does no damage.
You shoot an arrow.
The orc blocks the arrow with an invisible shield... and reflects it back!
The arrow hits you! The orc closely misses you. x2
You shoot an arrow.
The orc blocks the arrow with an invisible shield... and reflects it back!
The arrow hits you. The orc closely misses you. x2
You shoot an arrow. The arrow hits the orc.
The orc is heavily wounded.
The orc closely misses you. The orc hits you but does no damage.
You shoot an arrow. The arrow hits the orc.
The orc is severely wounded.
The orc hits you but does no damage. The orc hits you with a +0 club.
The orc barely misses you. The orc hits you but does no damage.
You shoot an arrow.
The orc blocks the arrow with an invisible shield... and reflects it back!
The arrow hits you. The orc hits you but does no damage. x2
You shoot an arrow.
The orc blocks the arrow with an invisible shield... and reflects it back!
The arrow hits you. The orc barely misses you. The orc hits you with a +0 club.
You die...

#.#.#####.# #.##......####
#.#.#...#.###.#####.......
#.#.#.#.....#.# #.#.####
#.#.#.#######.# #.#....#
#.#.#........[# #.)....#
#.#.#..######## ########
###.#.#..# #
#...#.#..##### #
#.###.#....@o#
#.###.#.####o#
#.#........#o#
#.#.#.#.##.#.# #.#.#.#.#
#.# #.#.#.#[. .#
#.#.#.######.#
#.#.#.........
#.#.#........


You could see 3 orcs.

Vanquished Creatures
  An orc priest (D:3)
  Robin (D:1)
  3 adders
  2 worms
  An orc (D:3)
  6 endoplasms
  2 giant cockroaches
  10 goblins
  10 hobgoblins
  9 jackals
  3 quokkas
  4 ball pythons
  4 bats
  3 frilled lizards
  8 kobolds
  4 rats
71 creatures vanquished.

Notes
Turn   | Place    | Note
-------+----------+-------------------------------------------
     0 | D:1      | qw the Gargoyle Hunter began the quest for the Orb.
     0 | D:1      | Reached XP level 1. HP: 12/12 MP: 1/1
     0 | D:1      | 0 ||| qw: Version: 0.2-a-29-gc1b59c4
     0 | D:1      | 0 ||| qw: Game counter: 4329
     0 | D:1      | 0 ||| qw: Always use a shield: true
     0 | D:1      | 0 ||| qw: God list: Okawaru
     0 | D:1      | 0 ||| qw: Allow faded altars: false
     0 | D:1      | 0 ||| qw: Do Orc after D:15 true
     0 | D:1      | 0 ||| qw: Do second Lair branch before Depths: true
     0 | D:1      | 0 ||| qw: Lair rune preference: random
     0 | D:1      | 0 ||| qw: Plans: Normal, Zot:1-4, Slime:5, God:TSO, Crypt,
                  | Tomb, Abyss, Pan, Hells, Win
     0 | D:1      | 0 ||| PLANNING D:1-11
   155 | D:1      | Reached XP level 2. HP: 17/17 MP: 2/2
   648 | D:1      | Reached XP level 3. HP: 16/21 MP: 3/3
   760 | D:1      | 760 ||| UPGRADING to +0 ring mail.
   770 | D:1      | 770 ||| DROPPING +0 leather armour.
   771 | D:1      | 771 ||| UPGRADING to +6 ring of dexterity.
   772 | D:1      | 772 ||| READING 3 scrolls labelled RUEL XULOVURCHIFF.
   773 | D:1      | 773 ||| READING 3 scrolls labelled WUIREEL NUASY.
   774 | D:1      | 774 ||| READING scroll labelled KUPEEN QYETSU.
   777 | D:1      | 777 ||| READING scroll labelled BYUNID ZEPLU.
   778 | D:1      | 778 ||| READING scroll labelled MABBETWU SAYR.
   779 | D:1      | 779 ||| READING 2 scrolls of identify.
   779 | D:1      | 779 ||| IDENTIFYING inky potion
   780 | D:1      | 780 ||| DROPPING 2 scrolls of poison.
   781 | D:1      | 781 ||| DROPPING scroll of butterflies.
   820 | D:2      | Noticed Robin
   824 | D:2      | 824 ||| STAIRDANCE
   824 | D:2      | HP: 4/21 [goblin/+0 club[Robin] (6)]
   826 | D:1      | 826 ||| DRINKING potion of heal wounds.
   885 | D:2      | Reached skill level 1 in Armour
   885 | D:2      | 885 ||| STAIRDANCE
   890 | D:1      | Reached skill level 5 in Ranged Weapons
   894 | D:1      | HP: 4/21 [hobgoblin[Robin] (5)]
   895 | D:1      | HP: 1/21 [goblin/+0 club[Robin] (4)]
   995 | D:2      | 995 ||| STAIRDANCE
   997 | D:1      | Killed Robin
  1012 | D:1      | 1012 ||| UPGRADING to +0 helmet.
  1133 | D:2      | Reached skill level 3 in Fighting
  1133 | D:2      | Reached XP level 4. HP: 28/28 MP: 4/4
  1185 | D:2      | Found a faded altar of an unknown god.
  1406 | D:2      | Found a stormy altar of Qazlal.
  1680 | D:2      | 1680 ||| READING 2 scrolls of identify.
  1680 | D:2      | 1680 ||| IDENTIFYING dark potion
  2201 | D:3      | Reached XP level 5. HP: 32/32 MP: 5/5
  2361 | D:3      | HP: 3/32 [suicidal targeting (6)]
  2361 | D:3      | Slain by an orc

Levels and vault maps discovered:
D:1:      dpeg_arrival_oval, layout_basic
D:2:      minmay_razor_zed, layout_basic, basic_altar,
          nicolae_ecumenical_oubliette, uniq_robin
D:3:      layout_basic, nicolae_overflow_ecumenical_swirl, uniq_jessica

Skill      XL: |  1  2  3 |
---------------+----------+-----
Armour         | 1 |  1.0
Ranged Weapons | 5 |  5.9
Fighting       | 3 |  3.1
Dodging        | |  1.5
Stealth        | |  1.1

Action                     |  1- 3 |  4- 6 || total
---------------------------+-------+-------++-------
   Fire: Shortbow          |   101 |   115 ||   216
    Use: Scroll            |     6 |     1 ||     7
         Potion            |     1 |       ||     1
 Armour: Leather armour    |    10 |       ||    10
         Ring mail         |    32 |    37 ||    69
  Dodge: Dodged            |    64 |    57 ||   121

Table legend:
 A = Non-vault XP
 B = Vault XP
 C = Vault XP percentage of total XP
 D = Non-vault monster count
 E = Vault monster count
 F = Vault count percentage of total count
                 A         B        C        D         E       F
            +---------+---------+-------+---------+---------+-------
      Total |     166 |      51 |  23.5 |      49 |      22 |  31.0
            +---------+---------+-------+---------+---------+-------
        D:1 |      38 |      32 |  45.7 |      22 |      10 |  31.2
        D:2 |      37 |      19 |  33.9 |      13 |      12 |  48.0
        D:3 |      91 |       0 |   0.0 |      14 |       0 |   0.0
            +---------+---------+-------+---------+---------+-------
